 Dungeon Crawl Stone Soup version 0.20.1-1-g8b1a95d (webtiles) character file.

522454 Firecrotchwizard the Intangible (level 25, -54/230 HPs)
             Began as a Merfolk Gladiator on Oct 17, 2017.
             Was the Champion of Okawaru.
             Killed from afar by an ancient lich (89 damage)
             ... with a crystal spear
             ... on level 5 of the Vaults on Oct 20, 2017.
             The game lasted 04:13:03 (67070 turns).

Firecrotchwizard the Intangible (MfGl)             Turns: 67070, Time: 04:13:04

Health: -54/230    AC: 26    Str: 26    XL:     25   Next: 93%
Magic:  0/33       EV: 39    Int: 18    God:    Okawaru [******]
Gold:   4639       SH: 12    Dex: 32    Spells: 22/24 levels left

rFire    + + +     SeeInvis .   h - +5 demon trident (flame)
rCold    + . .     Gourm    .   n - +3 buckler {rC+}
rNeg     + + .     Faith    .   U - quicksilver dragon scales of Broken Taboos {MR+ Str+2 Int+4 Dex+6 Stlth-}
rPois    .         Spirit   +   u - +2 hat of Onufali {+Inv rElec rF++ Str-4}
rElec    +         Reflect  .   K - +1 cloak
rCorr    .         Harm     .   g - +2 pair of gloves {Str+3}
MR       ++...                  s - +2 pair of boots
Stlth    +++.......             O - amulet of the Scarab {Spirit Str+6}
Regen    0.5/turn               y - ring "Qierag" {rF+ rN+ Str+5}
MPRegen  0.3/turn               N - ring of Tomorrow {rN+ Int+5}

@: heroism, corroded
A: change form in water, swift swim, stealthy swim, subdued magic 1
}: 2/15 runes: serpentine, barnacled
a: Heroism, Finesse, Renounce Religion, Evoke Invisibility


You were on level 5 of the Vaults.
You worshipped Okawaru.
Okawaru was exalted by your worship.
You were not hungry.

You visited 8 branches of the dungeon, and saw 42 of its levels.
You visited the Abyss 2 times.
You also visited: Ossuary and Wizlab.

You collected 5486 gold pieces.
You spent 847 gold pieces at shops.

Inventory:

Hand Weapons
 h - a +5 demon trident of flaming (weapon)
   (You took it off a merfolk impaler on level 4 of the Shoals)
 z - a +0 bardiche
   (You took it off a tengu warrior on level 2 of the Depths)
Missiles
 d - 9 throwing nets {=f, !d}
Armour
 g - a +2 pair of gloves of strength (worn)
   (You found it on level 4 of the Depths)
 n - a +3 buckler of cold resistance (worn)
   (You found it on level 3 of the Shoals)
 s - a +2 pair of boots (worn)
   (You bought it in a shop on level 2 of the Orcish Mines)
 u - the +2 hat of Onufali (worn) {+Inv rElec rF++ Str-4}
   (Okawaru gifted it to you on level 13 of the Dungeon)

   It affects your strength (-4).
   It greatly protects you from fire.
   It insulates you from electricity.
   It lets you turn invisible.
 K - a +1 cloak (worn)
   (You took it off a draconian shifter on level 5 of the Depths)
 U - the quicksilver dragon scales of Broken Taboos (worn) {MR+ Str+2 Int+4 Dex+6 Stlth-}
   (Okawaru gifted it to you on level 2 of the Shoals)

   It affects your strength (+2).
   It affects your intelligence (+4).
   It affects your dexterity (+6).
   It affects your resistance to hostile enchantments.
   It makes you less stealthy.
Jewellery
 j - an uncursed ring of poison resistance {rPois, !d}
   (You found it on level 5 of the Lair of Beasts)
 y - the ring "Qierag" (left hand) {rF+ rN+ Str+5}
   (You found it on level 1 of the Vaults)

   [ring of protection from fire]

   It affects your strength (+5).
   It protects you from fire.
   It protects you from negative energy.
 B - an uncursed ring of resist corrosion
   (You found it on level 3 of the Vaults)
 I - an uncursed ring of see invisible {sInv, !d}
   (You found it on level 13 of the Dungeon)
 N - the ring of Tomorrow (right hand) {rN+ Int+5}
   (You found it on level 6 of the Lair of Beasts)

   [ring of positive energy]

   It affects your intelligence (+5).
   It protects you from negative energy.
 O - the amulet of the Scarab (around neck) {Spirit Str+6}
   (You found it on level 8 of the Dungeon)

   [amulet of guardian spirit]

   It causes incoming damage to be split between your health and magic.
   It affects your strength (+6).
 P - an uncursed ring of protection from magic {MR+, !d}
   (You found it on level 1 of the Snake Pit)
Wands
 t - a wand of scattershot (5/9)
   (You found it on level 1 of the Depths)
 A - a wand of clouds (3/9)
   (You found it on level 3 of the Depths)
 E - a wand of acid (8/15)
   (You found it on level 8 of the Dungeon)
 L - a wand of digging (10/24)
   (You found it on level 3 of the Depths)
 V - a wand of clouds (6/9)
   (You found it on level 4 of the Depths)
Scrolls
 l - 11 scrolls of magic mapping {!r}
 q - 15 scrolls of teleportation
 r - a scroll of silence
 w - 16 scrolls of remove curse
 x - 12 scrolls of blinking {!r}
 G - 8 scrolls of enchant weapon
 J - 5 scrolls of fear
 Q - 8 scrolls of recharging
 R - 3 scrolls of fog
 W - 3 scrolls of identify
Potions
 e - 6 potions of resistance
 k - 8 potions of flight
 o - 9 potions of curing
 p - 6 potions of magic
 D - 6 potions of brilliance
 F - 9 potions of agility
 H - 3 potions of invisibility
 M - 2 potions of ambrosia
 S - 8 potions of might
 T - 6 potions of mutation {!q}
 X - 4 potions of cancellation
Miscellaneous
 a - a lightning rod (1/4)
   (You found it on level 3 of the Shoals)
 b - a box of beasts
 m - a fan of gales
   (You found it on level 15 of the Dungeon)
 v - 4 phantom mirrors
 C - a lamp of fire
   (You found it on level 1 of the Snake Pit)
 Z - 2 sacks of spiders
Comestibles
 c - 5 royal jellies
 f - 31 bread rations {@e1}


   Skills:
 + Level 26.0(27) Fighting
 + Level 20.9(25.9) Polearms
 - Level 2.0(7.0) Throwing
 + Level 15.3(20.3) Armour
 O Level 27 Dodging
 - Level 4.0(9.0) Stealth
 - Level 4.3(9.3) Shields
 - Level 4.2 Translocations
 - Level 8.1 Invocations
 + Level 14.6 Evocations


You had 22 spell levels left.
You knew the following spells:

 Your Spells              Type           Power        Failure   Level  Hunger
b - Blink                 Tloc           N/A          6%          2    ###....


Dungeon Overview and Level Annotations

Branches:
Dungeon (15/15)            Temple (1/1) D:7            Lair (6/6) D:8
 Shoals (4/4) Lair:4        Snake (4/4) Lair:3        Slime (0/5) Lair:6
    Orc (2/2) D:9             Elf (0/3) Orc:2        Vaults (5/5) D:13
  Crypt (0/3) Vaults:3     Depths (5/5) D:15            Zot (0/5) Depths:5

Altars:
Ashenzari
Cheibriados
Elyvilon
Fedhas
Gozag
Kikubaaqudgha
Makhleb
Nemelex Xobeh
Okawaru
Qazlal
Sif Muna
Trog
Uskayaw
Vehumet
Xom
Yredelemnul
Zin
The Shining One

Shops:
D:5 *   D:7 %   D:8 [   D:10 *   D:11 *   Orc:2 (?[}   Shoals:2 ?   Shoals:3 (
Snake:4 ?

Portals:
Hell: Depths:1 Depths:2 Depths:3 Depths:4 Depths:5
Abyss: Depths:1 Depths:4
Pandemonium: Depths:3 Depths:5
Ziggurat: Depths:2

Annotations:
D:4 exclusion: ogre
D:11 4 runed doors
Lair:4 exclusion: hydra
Snake:3 exclusion: Roxanne, Roxanne
Snake:4 Bai Suzhen, Mara


Innate Abilities, Weirdness & Mutations

You revert to your normal form in water.
You are very nimble and swift while swimming.
You are very stealthy in the water. (Stealth+)
Your spells are a little easier to cast, but a little less powerful.


Message History

The sixfirhy disappears in a puff of smoke!
You feel sick.
You take 1 damage, and have 127/230 hp.
You puncture the golden dragon! You burn the golden dragon.
You feel sick.
The golden dragon completely misses you.
The golden dragon closely misses you.
The golden dragon completely misses you.
You take 1 damage, and have 126/230 hp.
You hit the golden dragon but do no damage.
You feel sick.
You take 1 damage, and have 125/230 hp.
You completely miss the golden dragon.
You feel sick.
The golden dragon completely misses you.
The golden dragon barely misses you.
The golden dragon completely misses you.
You take 1 damage, and have 124/230 hp.
You hit the golden dragon.
You feel sick.
You take 1 damage, and have 123/230 hp.
You hit the golden dragon but do no damage.
You feel sick. The golden dragon barely misses you.
You block the golden dragon's attack. The golden dragon barely misses you.
You take 1 damage, and have 122/230 hp.
MP restored: 33 You impale the golden dragon!!
You burn the golden dragon.
You feel sick. The golden dragon breathes fire at you.
The bolt of fire misses you.
You perforate the golden dragon like a sieve!!!
You burn the golden dragon!
You feel sick.
The golden dragon changes into an iron dragon!
You take 1 damage, and have 121/230 hp.
You hit the iron dragon but do no damage.
You feel sick.
You take 1 damage, and have 120/230 hp.
You hit the iron dragon. You burn the iron dragon.
You feel sick.
The ancient lich mumbles some strange words.
The ancient lich seems to speed up.
You hit the iron dragon but do no damage.
The iron dragon changes into a golden dragon!
You hit the golden dragon.
You feel sick.
You take 1 damage, and have 119/230 hp.
You barely miss the golden dragon.
You feel sick.
The golden dragon completely misses you.
The golden dragon misses you.
The golden dragon tramples you but does no damage.
You take 1 damage, and have 118/230 hp.
You puncture the golden dragon!
You feel sick.
You puncture the golden dragon! You burn the golden dragon.
The ancient lich touches you but does no damage.
The golden dragon breathes poison at you.
The blast of poison engulfs you!
You are more poisoned.
You hear a shout!
You hit the golden dragon but do no damage.
You are engulfed in poison gas.
You are more poisoned.
You feel sick.
The golden dragon changes into an iron giant!
The ancient lich completely misses you.
You take 2 damage, and have 116/230 hp.
You puncture the iron giant!
You are engulfed in poison gas.
You are more poisoned.
You feel very sick. The ancient lich completely misses you.
You take 4 damage, and have 112/230 hp.
You hit the iron giant but do no damage.
You are engulfed in poison gas.
You are more poisoned.
You feel very sick. The ancient lich casts a spell at you.
The bolt of acid hits you! The acid corrodes you!
You are splashed with acid!
The acid burns!
You take 30 damage, and have 82/230 hp.
You now have 25/33 mp.
You puncture the iron giant! You burn the iron giant.
You are engulfed in poison gas.
You are more poisoned.
You feel very sick.
The iron giant throws the ancient lich at you!
* * * LOW HITPOINT WARNING * * *
The ancient lich touches you but does no damage.
You take 18 damage, and have 64/230 hp.
You now have 20/33 mp.
You hit the iron giant but do no damage.
* * * LOW HITPOINT WARNING * * *
You feel very sick. The iron giant hits you!!!
* * * LOW HITPOINT WARNING * * *
The ancient lich points at you and mumbles some strange words.
The bolt of acid misses you.
A war gargoyle comes into view. It is wielding a flail.
You take 39 damage, and have 25/230 hp.
You now have 8/33 mp.
You feel better.
The ancient lich points at you and mumbles some strange words.
You resist with some effort. The iron giant completely misses you.
You regained 10 hp, and now have 35/230 hp.
You feel more confident with your borrowed prowess.
You block the ancient lich's attack.
You hear a distant "Zot"!
The iron giant hits you but does no damage.
The ancient lich points at you and mumbles some strange words.
The crystal spear hits you!
You die...

########################*********
...........()..§@C......,,,,,,,,,
..............§L§9§.....,,,,,,,,,
####################...e,,,,*****
,*,,,*,*,*,*,*,*,*,,,...,,,,,,,,,
,*,*,*,*,*,*,*,*,*,*,*,.,,*,,,,,,
,,,*,*,*,,,*,,,*,*,*,*,,,,*,,,,,,
,*,*,*,*,*,*,*,*,,,*,*,,,,*,,**+*
,*,*,,,*,*,,,*,*,*,*,*,,,,*,,*,,,
.*,*,*,*,*,*,*,,,*,*,*,,,,*,,*,,,


You could see an iron giant shaped shifter, an ancient lich, a deep elf
demonologist and a war gargoyle.

Vanquished Creatures
  5 juggernauts
  An ancient lich (Vaults:5)
  Boris (Depths:5)
  Vashnia (Snake:2)
  4 caustic shrikes (Depths:4)
  2 golden dragons
  Nikola (Vaults:1)
  A bone dragon (Depths:5)
  The ghost of Vylera the Alchemist, a veteran OpTm of Ru (Depths:3)
  Jorgrun (Shoals:2)
  4 liches
  3 tentacled monstrosities
  A titan (Depths:4)
  2 quicksilver dragons
  2 tentacled starspawn
  Polyphemus (Shoals:4)
  2 tengu reavers
  5 sphinxes
  Agnes (Snake:2)
  5 shadow dragons
  Donald (Snake:1)
  Ilsuiw (Shoals:4)
  2 storm dragons
  9 nagarajas
  A revenant (Abyss:2)
  10 fire giants
  An iron dragon (Depths:4)
  7 vault wardens
  7 frost giants
  2 deep elf sorcerers
  An orc warlord (Vaults:4)
  Aizul (Snake:2)
  A fire giant (shapeshifter) (Depths:1)
  The ghost of GhostBasedKillah the Bludgeoner, an adept GrBe of Trog (Snake:3)
  Louise (Shoals:2)
  2 deep elf elementalists
  A draconian stormcaller (Depths:5)
  A balrug (Depths:4)
  A draconian shifter (Depths:5)
  13 ironheart preservers
  A reaper (Depths:5)
  3 very ugly things (Depths:4)
  32 stone giants
  A war gargoyle (Vaults:3)
  3 entropy weavers
  6 spriggan defenders
  4 vampire knights
  A deep elf demonologist (Depths:4)
  2 black draconians (Depths:5)
  2 white draconians (Depths:5)
  3 purple draconians (Depths:5)
  4 merfolk javelineers
  11 ettins
  12 spark wasps
  4 deep elf death magi
  8 merfolk impalers
  Snorg (Orc:1)
  2 jiangshi (Depths:2)
  13 fire dragons
  A crystal guardian (Vaults:4)
  10 yaktaur captains
  17 naga warriors
  Erolcha (Orc:1)
  9 ice dragons
  26 vault guards (Vaults:4)
  12 great orbs of eyes
  6 rakshasas
  5 hydras
  15 centaur warriors
  5 spriggan air magi
  2 catoblepae
  3 merfolk avatars
  13 ogre magi
  An alligator snapping turtle (Shoals:4)
  A satyr (shapeshifter) (Depths:5)
  3 merfolk aquamancers
  15 deep troll shamans
  9 anacondas
  An alligator (shapeshifter) (Depths:2)
  2 vampire magi
  3 orc high priests (Orc:2)
  45 two-headed ogres
  24 naga sharpshooters
  7 tengu warriors
  11 shock serpents
  7 spriggan berserkers
  7 thrashing horrors
  A dancing weapon (Vaults:2)
  3 death yaks
  13 deep troll earth magi
  A soul eater (Depths:5)
  6 spriggans
  3 sun demons
  2 wretched stars (Abyss:2)
  5 deep elf knights
  5 salamander mystics
  2 golden dragon zombies (Depths:3)
  7 iron trolls
  21 slime creatures
  14 hell knights
  5 unseen horrors
  14 skeletal warriors
  5 flayed ghosts
  10 naga ritualists
  16 sea snakes
  5 glowing orange brains
  35 deep trolls
  2 shadow wraiths
  A golden dragon skeleton (Depths:3)
  20 ironbrand convokers
  4 phantasmal warriors
  6 wizards
  8 deep elf archers
  A swamp dragon (shapeshifter) (Depths:5)
  25 harpies
  16 deep elf magi
  3 large abominations (Abyss:2)
  A harpy (shapeshifter) (Vaults:2)
  12 mana vipers
  12 orc knights
  10 necromancers
  A faun (shapeshifter) (Depths:1)
  41 ugly things
  15 manticores
  4 oklob plants (Lair:6)
  4 wolf spiders
  4 orc sorcerers
  A worldbinder (Abyss:2)
  9 cyclopes
  27 salamanders
  A frost giant skeleton (Depths:3)
  25 black mambas
  15 vault sentinels
  A centaur zombie (D:12)
  4 elephants (Lair:6)
  9 water nymphs
  A gargoyle (D:12)
  A guardian serpent (shapeshifter) (Vaults:1)
  An elephant (shapeshifter) (Vaults:2)
  10 merfolk sirens
  10 guardian serpents
  35 naga magi
  14 spiny frogs
  2 smoke demons
  A torpor snail (Lair:3)
  51 yaktaurs
  A spiny frog (shapeshifter) (Vaults:2)
  A komodo dragon (shapeshifter) (Depths:4)
  10 komodo dragons
  2 rime drakes
  6 freezing wraiths
  2 kobold demonologists (D:15)
  2 red devils
  An ice devil (Abyss:2)
  6 polar bears
  27 merfolk
  7 tengu conjurers
  12 trolls
  A meliai (shapeshifter) (Vaults:2)
  A jumping spider (shapeshifter) (D:15)
  7 wind drakes
  10 hornets
  9 snapping turtles
  17 blink frogs
  13 dream sheep
  16 hippogriffs
  A meliai zombie (D:13)
  A hippogriff (shapeshifter) (Depths:5)
  2 redbacks
  An ettin skeleton (Abyss:2)
  A tarantella (Vaults:4)
  2 wraiths
  6 air elementals
  6 wyverns
  72 yaks
  13 water elementals
  A ynoxinul (Abyss:2)
  A hog (shapeshifter) (Vaults:2)
  4 hungry ghosts
  A fire elemental (Depths:3)
  4 basilisks
  A neqoxec (Abyss:2)
  4 vampire mosquitoes (D:14)
  A soldier ant (D:13)
  5 wargs
  A steam dragon (D:8)
  2 chaos spawn (Abyss:2)
  A warg (shapeshifter) (D:15)
  64 nagas
  An acid dragon (shapeshifter) (Vaults:5)
  2 acid dragons
  7 hydra simulacra (Depths:3)
  15 water moccasins
  3 small abominations (Abyss:2)
  5 porcupines
  3 ice beasts
  6 sky beasts
  2 eyes of draining (shapeshifter)
  2 elephant zombies (Lair:5)
  2 necrophages
  34 orc warriors
  An ettin simulacrum (Vaults:3)
  An eye of draining (D:15)
  3 phantoms
  A black bear (shapeshifter) (Depths:3)
  3 wolves (Lair:6)
  47 ogres
  21 centaurs
  15 crocodiles
  2 komodo dragon zombies (Lair:5)
  4 big kobolds
  2 gnoll sergeants (D:9)
  A bullfrog (shapeshifter) (Depths:3)
  A wyvern zombie (D:12)
  2 elf skeletons (D:6)
  17 bullfrogs
  A wyvern skeleton (D:14)
  7 scorpions
  17 killer bees
  5 howler monkeys
  5 electric eels (Lair:5)
  A spriggan skeleton (Abyss:2)
  11 crimson imps
  2 bullfrog zombies
  A quasit (Abyss:2)
  6 hounds
  A human zombie (D:6)
  5 jellies
  4 centaur skeletons
  21 orc priests
  A gnoll shaman (D:7)
  3 iguanas
  Terence (D:2)
  A bullfrog skeleton (D:7)
  21 orc wizards
  9 worker ants
  6 hell rats (Lair:1)
  A hound skeleton (D:11)
  A worker ant zombie (D:9)
  Robin (D:1)
  3 mummies (Ossuary)
  15 gnolls
  7 river rats (Lair:1)
  18 adders
  3 shadow imps
  2 white imps
  An ufetubus (Shoals:2)
  4 oozes
  4 adder zombies
  3 adder skeletons
  4 worms
  5 dart slugs
  7 leopard geckos
  76 orcs
  9 bats
  8 giant cockroaches
  10 hobgoblins
  8 jackals
  15 kobolds
  7 quokkas
  2 ball pythons
  5 frilled lizards
  15 goblins
  A goblin skeleton (D:4)
  3 goblin zombies
  2 hobgoblin zombies (D:4)
  A jackal zombie (D:8)
  7 kobold zombies
  3 orc skeletons
  3 orc zombies
  4 quokka zombies (Ossuary)
  11 rats
  4 rat zombies (Ossuary)
  A fungus (Lair:6)
  A plant (Snake:4)
  A starspawn tentacle (Abyss:2)
2017 creatures vanquished.

Vanquished Creatures (others)
  A deep elf annihilator (Vaults:2)
  An ogre mage (Depths:1)
  4 two-headed ogres (Depths:1)
  A merfolk aquamancer (Shoals:4)
  A vampire mage (Depths:1)
  A wizard (Vaults:1)
  A naga mage (Snake:4)
  An efreet (Abyss:2)
  A naga (Snake:4)
  An ogre (Depths:1)
  A centaur (Depths:1)
  An orc wizard (Vaults:1)
  A shadow imp (D:8)
  25 fungi
  37 plants
  9 starspawn tentacles
87 creatures vanquished.

Grand Total: 2104 creatures vanquished

Notes
Turn   | Place    | Note
-------+----------+-------------------------------------------
     0 | D:1      | Firecrotchwizard the Merfolk Gladiator began the quest for the Orb.
     0 | D:1      | Reached XP level 1. HP: 16/16 MP: 1/1
     2 | D:1      | Noticed an ogre
     4 | D:1      | Noticed an octopode
     4 | D:1      | Noticed a centaur
     6 | D:1      | Noticed a demigod
     8 | D:1      | Noticed a gargoyle
     8 | D:1      | Noticed a dwarf
    10 | D:1      | Noticed a spriggan
    12 | D:1      | Noticed a formicid
    14 | D:1      | Noticed a felid
    14 | D:1      | Noticed a demonspawn
    16 | D:1      | Noticed a draconian
    16 | D:1      | Noticed a tengu
    18 | D:1      | Noticed a human
    18 | D:1      | Noticed a ghoul
    20 | D:1      | Noticed a naga
    20 | D:1      | Noticed a troll
    22 | D:1      | Noticed a halfling
    22 | D:1      | Noticed a vine stalker
    24 | D:1      | Noticed a minotaur
    24 | D:1      | Noticed a vampire
    26 | D:1      | Noticed an elf
    26 | D:1      | Noticed a merfolk
    64 | D:1      | Reached skill level 5 in Polearms
   125 | D:1      | Reached XP level 2. HP: 22/22 MP: 2/2
   563 | D:1      | Reached XP level 3. HP: 25/27 MP: 3/3
   580 | D:1      | Reached skill level 6 in Polearms
   786 | D:2      | Noticed Robin
   996 | D:1      | Killed Robin
   996 | D:1      | Reached skill level 7 in Polearms
   996 | D:1      | Reached XP level 4. HP: 9/33 MP: 4/4
  1523 | D:2      | Noticed Terence
  1543 | D:2      | Killed Terence
  1581 | D:2      | Reached skill level 8 in Polearms
  1585 | D:2      | Reached XP level 5. HP: 34/38 MP: 5/5
  1593 | D:2      | Found a blossoming altar of Fedhas.
  2356 | D:3      | Found a shattered altar of Ashenzari.
  2683 | D:3      | Found a basalt altar of Yredelemnul.
  2721 | D:3      | Reached skill level 9 in Polearms
  3038 | D:4      | Reached XP level 6. HP: 35/44 MP: 6/6
  3141 | D:4      | Reached skill level 1 in Stealth
  3238 | D:4      | Found a glowing golden altar of the Shining One.
  3339 | D:4      | Reached skill level 2 in Stealth
  3637 | D:4      | Reached skill level 3 in Stealth
  3770 | D:4      | Reached skill level 10 in Polearms
  3770 | D:4      | Reached XP level 7. HP: 48/50 MP: 7/7
  4246 | D:4      | Reached skill level 11 in Polearms
  4309 | D:5      | Entered Level 5 of the Dungeon
  4335 | D:5      | Found an opulent altar of Gozag.
  4335 | D:5      | Found a shimmering altar of Xom.
  4365 | D:5      | Found Taoffuv's Assorted Antiques.
  4532 | D:5      | Reached skill level 12 in Polearms
  4569 | D:5      | Reached XP level 8. HP: 56/56 MP: 8/8
  4924 | D:5      | Found a bloodstained altar of Trog.
  4925 | D:5      | Found a glowing silver altar of Zin.
  5262 | D:5      | Reached skill level 13 in Polearms
  5723 | D:6      | Found a sand-covered staircase.
  5738 | Ossuary  | Entered an ossuary
  5746 | Ossuary  | Reached skill level 14 in Polearms
  6189 | D:6      | Found a white marble altar of Elyvilon.
  6441 | D:6      | You fall through a shaft!
  6524 | D:7      | Noticed a two-headed ogre
  6564 | D:7      | Noticed a two-headed ogre
  6567 | D:7      | Reached skill level 3 in Fighting
  6567 | D:7      | Reached skill level 1 in Armour
  6567 | D:7      | Reached XP level 9. HP: 51/63 MP: 9/9
  6681 | D:6      | Reached skill level 5 in Dodging
  6963 | D:7      | Found Ucou's Food Emporium.
  7095 | D:7      | Found a staircase to the Ecumenical Temple.
  7117 | Temple   | Entered the Ecumenical Temple
  7145 | Temple   | Became a worshipper of Warmaster Okawaru
  7258 | D:7      | Reached skill level 4 in Fighting
  7258 | D:7      | Reached skill level 2 in Armour
  7258 | D:7      | Reached skill level 6 in Dodging
  7564 | D:7      | HP: 2/66 [two-headed ogre/giant club (17)]
  7565 | D:7      | Killed a two-headed ogre
  7565 | D:7      | Reached * piety under Okawaru
  7565 | D:7      | Reached skill level 5 in Fighting
  7565 | D:7      | Reached skill level 3 in Armour
  7565 | D:7      | Reached skill level 7 in Dodging
  8179 | D:7      | Killed a two-headed ogre
  8179 | D:7      | Reached ** piety under Okawaru
  8179 | D:7      | Reached skill level 6 in Fighting
  8179 | D:7      | Reached skill level 8 in Dodging
  8179 | D:7      | Reached XP level 10. HP: 70/77 MP: 7/10
  8245 | D:7      | Reached skill level 4 in Armour
  8610 | D:8      | Found Reylosat's Armour Boutique.
  8733 | D:8      | Bought a +0 buckler for 54 gold pieces
  8849 | D:8      | Noticed a two-headed ogre
  8870 | D:8      | Killed a two-headed ogre
  8870 | D:8      | Reached skill level 7 in Fighting
  8870 | D:8      | Reached skill level 9 in Dodging
  8870 | D:8      | Reached skill level 1 in Shields
  9024 | D:8      | Reached *** piety under Okawaru
  9255 | D:8      | Reached skill level 2 in Shields
  9564 | D:8      | Noticed a two-headed ogre
  9592 | D:8      | Killed a two-headed ogre
  9592 | D:8      | Reached skill level 3 in Shields
 10123 | D:8      | Reached skill level 10 in Dodging
 10172 | D:8      | Reached skill level 8 in Fighting
 10428 | D:8      | Got a heavily runed zirconium amulet
 10470 | D:8      | Reached skill level 4 in Shields
 10588 | D:8      | Identified the amulet of the Scarab {Spirit Str+6} (You found it on level 8 of the Dungeon)
 10692 | D:8      | Reached XP level 11. HP: 86/86 MP: 11/11
 10701 | D:8      | Reached **** piety under Okawaru
 10715 | D:8      | Found a staircase to the Lair.
 10803 | D:8      | Noticed a two-headed ogre
 10817 | D:8      | Killed a two-headed ogre
 10817 | D:8      | Reached skill level 1 in Invocations
 11018 | D:9      | Reached skill level 2 in Invocations
 11188 | D:9      | Reached skill level 11 in Dodging
 11349 | D:9      | Got a distressingly furry leather armour
 11360 | D:9      | Identified the +1 leather armour "Felius" {Regen+ MP-9 Dex+4 SInv} (You found it on level 9 of the Dungeon)
 11615 | D:9      | Reached skill level 3 in Invocations
 11630 | D:9      | Reached ***** piety under Okawaru
 11630 | D:9      | Reached skill level 9 in Fighting
 11740 | D:9      | Found a staircase to the Orcish Mines.
 11830 | D:9      | Reached skill level 4 in Invocations
 12539 | D:10     | Entered Level 10 of the Dungeon
 12617 | D:10     | Reached skill level 12 in Dodging
 12809 | D:10     | Found Quofunill's Assorted Antiques.
 12814 | D:10     | Bought a cloak for 121 gold pieces
 12829 | D:10     | Got a warped hand axe
 12883 | D:10     | Reached skill level 5 in Invocations
 12988 | D:10     | Noticed a two-headed ogre
 13002 | D:10     | Killed a two-headed ogre
 13002 | D:10     | Reached skill level 10 in Fighting
 13354 | Lair:1   | Entered Level 1 of the Lair of Beasts
 13387 | Lair:1   | Reached ****** piety under Okawaru
 13387 | Lair:1   | Reached XP level 12. HP: 73/97 MP: 12/16
 13659 | Lair:1   | Reached skill level 6 in Invocations
 13670 | Lair:1   | Received a gift from Okawaru
 14244 | Lair:1   | Received a gift from Okawaru
 14244 | Lair:1   | Reached skill level 13 in Dodging
 14580 | Lair:2   | Noticed a seven-headed hydra
 14600 | Lair:2   | Killed a seven-headed hydra
 14600 | Lair:2   | Reached skill level 7 in Invocations
 14610 | Lair:2   | Reached skill level 11 in Fighting
 15072 | Lair:2   | Got a jewelled quarterstaff
 15544 | Lair:3   | Received a gift from Okawaru
 15971 | Lair:3   | Found a staircase to the Snake Pit.
 15996 | Lair:3   | Reached skill level 8 in Invocations
 16380 | Lair:4   | Reached skill level 14 in Dodging
 16453 | Lair:4   | Noticed a seven-headed hydra
 16587 | Lair:4   | HP: 23/100 [17-headed hydra (3)]
 16588 | Lair:4   | Killed an 18-headed hydra
 16588 | Lair:4   | Reached skill level 15 in Polearms
 16588 | Lair:4   | Reached XP level 13. HP: 19/107 MP: 3/19
 16974 | Lair:4   | Received a gift from Okawaru
 16975 | Lair:4   | Got a bloodstained ring mail {god gift}
 17003 | Lair:4   | Identified the +1 ring mail "Taclumn" {rElec Int+2 Dex+4} (Okawaru gifted it to you on level 4 of the Lair of Beasts)
 17023 | Lair:4   | Identified a scroll of acquirement
 17375 | Lair:4   | Found a staircase to the Shoals.
 17402 | Lair:4   | Reached skill level 12 in Fighting
 17779 | Lair:5   | Reached skill level 16 in Polearms
 17995 | Lair:5   | Reached skill level 4 in Stealth
 18846 | Lair:6   | Entered Level 6 of the Lair of Beasts
 19137 | Lair:6   | Reached skill level 15 in Dodging
 19170 | Lair:6   | Received a gift from Okawaru
 19170 | Lair:6   | Reached skill level 17 in Polearms
 19447 | Lair:6   | Reached XP level 14. HP: 54/116 MP: 12/20
 19884 | Lair:6   | Reached skill level 18 in Polearms
 19896 | Lair:6   | Reached skill level 13 in Fighting
 20941 | Lair:6   | Got bloodstained steam dragon scales
 20943 | Lair:6   | Got a transparent tin ring
 20951 | Lair:6   | Identified the ring of Tomorrow {rN+ Int+5} (You found it on level 6 of the Lair of Beasts)
 20965 | Lair:6   | Identified the cursed +1 steam dragon scales of Kavvasih {rCorr} (You found it on level 6 of the Lair of Beasts)
 21152 | Lair:6   | Reached skill level 16 in Dodging
 21302 | Lair:6   | Received a gift from Okawaru
 21303 | Lair:6   | Got a steaming trident {god gift}
 21504 | Lair:6   | Identified the +7 trident "Goblinslayer" {flame, +Blink Str+4} (Okawaru gifted it to you on level 6 of the Lair of Beasts)
 21529 | Lair:6   | Found a staircase to the Slime Pits.
 21941 | Orc:1    | Entered Level 1 of the Orcish Mines
 22337 | Orc:1    | Noticed Snorg
 22359 | Orc:1    | Killed Snorg
 22625 | Orc:2    | Entered Level 2 of the Orcish Mines
 22639 | Orc:2    | Noticed Erolcha
 22732 | Orc:1    | Killed Erolcha
 22806 | Orc:2    | Reached skill level 19 in Polearms
 22921 | Orc:2    | Received a gift from Okawaru
 23845 | Orc:2    | Paralysed by an orc sorcerer for 4 turns
 23907 | Orc:2    | Paralysed by an orc sorcerer for 5 turns
 24234 | Orc:2    | Found Dorurr's Weapon Shop.
 24234 | Orc:2    | Found Tibriet's Gadget Shoppe.
 24250 | Orc:2    | Found Buodez's Magic Scroll Shop.
 24250 | Orc:2    | Found Nebefouz's Antique Armour Shoppe.
 24258 | Orc:2    | Bought a scroll of identify for 28 gold pieces
 24258 | Orc:2    | Bought a scroll of identify for 28 gold pieces
 24258 | Orc:2    | Bought a scroll of enchant weapon for 105 gold pieces
 24258 | Orc:2    | Bought a scroll of identify for 28 gold pieces
 24258 | Orc:2    | Bought a scroll of identify for 28 gold pieces
 24258 | Orc:2    | Bought a scroll of identify for 28 gold pieces
 24263 | Orc:2    | Bought a pair of glowing boots for 180 gold pieces
 24508 | Orc:2    | Found a staircase to the Elven Halls.
 24651 | D:11     | Found a huge runed gate.
 24652 | D:11     | Found a huge runed gate.
 24652 | D:11     | Found a huge runed gate.
 24652 | D:11     | Found a huge runed gate.
 24672 | D:11     | Reached XP level 15. HP: 113/125 MP: 19/21
 24938 | D:11     | Learned a level 2 spell: Blink
 24990 | D:11     | Found Kuofanicau's Assorted Antiques.
 25006 | D:11     | Bought a scroll of identify for 52 gold pieces
 25006 | D:11     | Bought a scroll of enchant weapon for 195 gold pieces
 25369 | D:12     | Reached skill level 14 in Fighting
 25483 | D:12     | Reached skill level 20 in Polearms
 25849 | D:12     | Reached skill level 17 in Dodging
 26184 | D:13     | Reached skill level 1 in Translocations
 26287 | D:13     | Received a gift from Okawaru
 26522 | D:13     | Reached skill level 2 in Translocations
 26545 | D:13     | Found a gate to the Vaults.
 26587 | D:13     | Received a gift from Okawaru
 26600 | D:13     | Got a shimmering hat {god gift}
 26606 | D:13     | Identified the +2 hat of Onufali {+Inv rElec rF++ Str-4} (Okawaru gifted it to you on level 13 of the Dungeon)
 27338 | D:14     | Reached skill level 3 in Translocations
 27962 | D:15     | Entered Level 15 of the Dungeon
 28081 | D:15     | Reached skill level 4 in Translocations
 28086 | D:15     | Reached skill level 15 in Fighting
 28280 | D:15     | Received a gift from Okawaru
 28280 | D:15     | Reached skill level 18 in Dodging
 28399 | D:15     | Reached skill level 1 in Evocations
 28508 | D:15     | Found a staircase to the Depths.
 28697 | D:15     | Reached XP level 16. HP: 136/136 MP: 22/22
 28875 | D:15     | Found an iron altar of Okawaru.
 29284 | Shoals:1 | Entered Level 1 of the Shoals
 29293 | Shoals:1 | Reached skill level 2 in Evocations
 30017 | Shoals:1 | Reached skill level 3 in Evocations
 30577 | Shoals:2 | Noticed Jorgrun
 30710 | Shoals:2 | HP: 33/136 [sea snake (15)]
 30712 | Shoals:2 | Killed Jorgrun
 30712 | Shoals:2 | Reached skill level 4 in Evocations
 30728 | Shoals:2 | HP: 29/136 [merfolk/trident (7)]
 31157 | Shoals:2 | Found Umefu's Magic Scroll Shoppe.
 31201 | Shoals:2 | Received a gift from Okawaru
 31202 | Shoals:2 | Got spiked quicksilver dragon scales {god gift}
 31213 | Shoals:2 | Identified the quicksilver dragon scales of Broken Taboos {MR+ Str+2 Int+4 Dex+6 Stlth-} (Okawaru gifted it to you on level 2 of the Shoals)
 31640 | Shoals:2 | Noticed Louise
 31649 | Shoals:2 | Cast into level 2 of the Abyss (Louise)
 31650 | Abyss:2  | Found a corrupted altar of Lugonu.
 31914 | Abyss:2  | Noticed a tentacled monstrosity
 32008 | Abyss:2  | Noticed a revenant
 32024 | Abyss:2  | Killed a revenant
 32024 | Abyss:2  | Reached skill level 5 in Evocations
 32135 | Abyss:2  | HP: 34/136 [poisoned by a death drake (dark miasma)]
 32545 | Abyss:2  | Noticed a tentacled starspawn
 32582 | Abyss:2  | Noticed a tentacled starspawn
 32586 | Abyss:2  | HP: 33/138 [thrashing horror (2)]
 32592 | Abyss:2  | HP: 28/138 [thrashing horror (5)]
 32599 | Shoals:2 | Escaped the Abyss
 33564 | Shoals:2 | Killed Louise
 33564 | Shoals:2 | Reached skill level 16 in Fighting
 33608 | Shoals:2 | Reached skill level 19 in Dodging
 33746 | Shoals:3 | Reached skill level 6 in Evocations
 33940 | Shoals:3 | Received a gift from Okawaru
 34096 | Shoals:3 | Found Teisil's Antique Weapon Boutique.
 34372 | Shoals:4 | Entered Level 4 of the Shoals
 34432 | Shoals:4 | Received a gift from Okawaru
 34470 | Shoals:4 | Noticed Polyphemus
 34509 | Shoals:4 | Killed Polyphemus
 34509 | Shoals:4 | Reached XP level 17. HP: 39/145 MP: 7/23
 34866 | Shoals:4 | Reached skill level 7 in Evocations
 34873 | Shoals:4 | Got a brightly glowing chain mail
 34874 | Shoals:4 | Identified the cursed +1 chain mail of Teicas {rN++ Str+6 Int-4 SInv} (You found it on level 4 of the Shoals)
 35000 | Shoals:4 | Noticed Ilsuiw
 35046 | Shoals:4 | Killed Ilsuiw
 35069 | Shoals:4 | Received a gift from Okawaru
 35073 | Shoals:4 | Got a warped glaive {god gift}
 35079 | Shoals:4 | Identified the +3 glaive of Frustration {pain, +Blink} (Okawaru gifted it to you on level 4 of the Shoals)
 35612 | Shoals:4 | Reached skill level 20 in Dodging
 35690 | Shoals:4 | Reached skill level 8 in Evocations
 35877 | Shoals:4 | Reached skill level 17 in Fighting
 36057 | Shoals:4 | Got a barnacled rune of Zot
 36349 | Snake:1  | Entered Level 1 of the Snake Pit
 36523 | Snake:1  | Identified the cursed -8 buckler of Undesirable Species {Dex+6} (You found it on level 1 of the Snake Pit)
 37083 | Snake:2  | Received a gift from Okawaru
 37098 | Snake:2  | HP: 36/147 [naga warrior/battleaxe (1)]
 37104 | Snake:2  | HP: 30/147 [shock serpent (4)]
 37111 | Snake:2  | HP: 7/147 [black mamba (9)]
 37515 | Snake:2  | Reached skill level 9 in Evocations
 37964 | Snake:2  | Noticed Vashnia
 37969 | Snake:2  | Noticed Donald
 37999 | Snake:1  | Killed Donald
 38590 | Snake:2  | Noticed Aizul
 38632 | Snake:2  | Killed Aizul
 39144 | Snake:2  | Reached XP level 18. HP: 145/155 MP: 24/24
 39309 | Snake:2  | Noticed Agnes
 39318 | Snake:2  | Killed Agnes
 39318 | Snake:2  | Reached skill level 5 in Armour
 39617 | Snake:2  | Killed Vashnia
 39846 | Snake:2  | Received a gift from Okawaru
 40024 | Snake:3  | Noticed GhostBasedKillah's ghost (adept GrBe)
 40027 | Snake:3  | Reached skill level 21 in Dodging
 40081 | Snake:3  | Killed GhostBasedKillah's ghost
 40500 | Snake:3  | Noticed Roxanne
 40562 | Snake:3  | Reached skill level 10 in Evocations
 41205 | Snake:3  | Reached skill level 6 in Armour
 41383 | Snake:3  | Received a gift from Okawaru
 41383 | Snake:3  | Reached skill level 18 in Fighting
 42536 | Snake:4  | Entered Level 4 of the Snake Pit
 42758 | Snake:4  | Found Hieheptu's Magic Scroll Shoppe.
 43229 | Snake:4  | Reached skill level 7 in Armour
 43248 | Snake:4  | Received a gift from Okawaru
 43248 | Snake:4  | Reached XP level 19. HP: 164/164 MP: 24/26
 43377 | Snake:4  | Received a gift from Okawaru
 43782 | Snake:4  | Reached skill level 22 in Dodging
 43917 | Snake:4  | Identified the +6 trident "Dusir" {flame, rC+ Int-5 Dex+4 Stlth+} (Okawaru gifted it to you on level 4 of the Snake Pit)
 44262 | Snake:4  | Got a serpentine rune of Zot
 44397 | Snake:4  | Reached skill level 8 in Armour
 44595 | Snake:4  | Found a basalt altar of Yredelemnul.
 44654 | Snake:4  | Noticed Bai Suzhen
 44654 | Snake:4  | Noticed Mara
 44677 | Snake:4  | Noticed Firecrotchwizard's illusion
 44728 | Snake:3  | Reached skill level 19 in Fighting
 44749 | Snake:3  | Received a gift from Okawaru
 44777 | Snake:3  | Got a scorched scarf {god gift}
 44783 | Snake:3  | Identified the scarf "Uselypt" {Str+3} (Okawaru gifted it to you on level 3 of the Snake Pit)
 45318 | Vaults:1 | Entered Level 1 of the Vaults
 45969 | Vaults:1 | Noticed Nikola
 45991 | Vaults:1 | Killed Nikola
 46254 | Vaults:1 | Got a sparkling tin ring
 46256 | Vaults:1 | Identified the ring "Qierag" {rF+ rN+ Str+5} (You found it on level 1 of the Vaults)
 46401 | Vaults:1 | Reached skill level 9 in Armour
 46401 | Vaults:1 | Reached XP level 20. HP: 174/174 MP: 27/27
 46536 | Vaults:1 | Received a gift from Okawaru
 46575 | Vaults:1 | Got a polished hunting sling {god gift}
 46576 | Vaults:1 | Identified the +3 hunting sling of Fate {venom, -Tele rC+ rN++ Int+2} (Okawaru gifted it to you on level 1 of the Vaults)
 46983 | Vaults:1 | Reached skill level 23 in Dodging
 47788 | Vaults:2 | Received a gift from Okawaru
 47795 | Vaults:2 | Identified the +7 trident of Beyond {pierce, MR+} (Okawaru gifted it to you on level 2 of the Vaults)
 48238 | Vaults:2 | Reached skill level 20 in Fighting
 48654 | Vaults:2 | Reached skill level 10 in Armour
 48699 | Vaults:2 | Received a gift from Okawaru
 48985 | Vaults:2 | Paralysed by a great orb of eyes for 4 turns
 49440 | Vaults:2 | Identified the Compendium of Transmutation
 49845 | Vaults:3 | Reached XP level 21. HP: 156/184 MP: 24/28
 50146 | Vaults:3 | Reached skill level 24 in Dodging
 50994 | Vaults:3 | Found a staircase to the Crypt.
 50994 | Vaults:3 | Found an ancient bone altar of Kikubaaqudgha.
 50995 | Vaults:3 | Found a basalt altar of Yredelemnul.
 51142 | Vaults:3 | Received a gift from Okawaru
 51492 | Vaults:4 | Found a ruined gateway.
 51855 | Vaults:4 | Reached skill level 11 in Armour
 52147 | Vaults:4 | Reached skill level 21 in Fighting
 52253 | Vaults:4 | Paralysed by a sphinx for 7 turns
 53197 | Depths:1 | Entered Level 1 of the Depths
 53255 | Depths:1 | Found a gateway to Hell.
 53428 | Depths:1 | Received a gift from Okawaru
 53428 | Depths:1 | Reached XP level 22. HP: 183/194 MP: 27/29
 53508 | Depths:1 | Gained mutation: Your spells are a little easier to cast, but a little less powerful. [mutagenic glow]
 53936 | Depths:1 | Found a magical portal.
 53947 | WizLab   | Entered Wucad Mu's Monastery
 54076 | WizLab   | HP: 40/194 [grey draconian monk[old memories] (16)]
 54096 | WizLab   | HP: 45/194 [grey draconian monk[old memories] (7)]
 54113 | WizLab   | HP: 44/194 [deep troll[old memories] (2)]
 54725 | Depths:1 | Found a one-way gate to the infinite horrors of the Abyss.
 54737 | Depths:1 | Reached skill level 25 in Dodging
 55319 | Depths:1 | Reached skill level 12 in Armour
 55345 | Depths:1 | Reached skill level 22 in Fighting
 56133 | Depths:1 | Got an ancient mace
 56445 | Depths:2 | Noticed an ancient lich
 56825 | Depths:2 | Received a gift from Okawaru
 57248 | Depths:2 | Noticed a juggernaut
 57266 | Depths:2 | Killed a juggernaut
 57266 | Depths:2 | Received a gift from Okawaru
 57266 | Depths:2 | Reached skill level 23 in Fighting
 57290 | Depths:2 | Reached XP level 23. HP: 179/206 MP: 27/30
 57292 | Depths:2 | Noticed a juggernaut
 57293 | Depths:2 | Noticed a golden dragon
 57306 | Depths:2 | Killed a golden dragon
 57320 | Depths:2 | Killed a juggernaut
 57320 | Depths:2 | Reached skill level 26 in Dodging
 57973 | Depths:2 | Reached skill level 13 in Armour
 58154 | Depths:2 | Found a gateway to a ziggurat.
 58157 | Depths:2 | Noticed an ancient lich
 58219 | Depths:2 | HP: 50/207 [???[an ancient lich] (24)]
 58226 | Depths:2 | HP: 20/208 [Brimstone Fiend/damnation[an ancient lich] (32)]
 58231 | Depths:2 | HP: 17/208 [Brimstone Fiend/damnation[an ancient lich] (8)]
 58765 | Depths:3 | Noticed Vylera's ghost (veteran OpTm)
 58872 | Depths:3 | Killed Vylera's ghost
 58880 | Depths:3 | Found a one-way gate leading to the halls of Pandemonium.
 59139 | Depths:3 | Noticed a juggernaut
 59167 | Depths:3 | Killed a juggernaut
 59167 | Depths:3 | Received a gift from Okawaru
 59167 | Depths:3 | Reached skill level 24 in Fighting
 59463 | Depths:3 | Noticed a juggernaut
 59494 | Depths:3 | Killed a juggernaut
 60984 | Depths:4 | Reached skill level 11 in Evocations
 61013 | Depths:4 | Noticed a caustic shrike
 61014 | Depths:4 | Noticed a caustic shrike
 61016 | Depths:4 | Noticed a caustic shrike
 61016 | Depths:4 | Noticed a caustic shrike
 61030 | Depths:4 | Killed a caustic shrike
 61042 | Depths:4 | Reached XP level 24. HP: 194/218 MP: 30/31
 61050 | Depths:4 | Killed a caustic shrike
 61066 | Depths:4 | Killed a caustic shrike
 61074 | Depths:4 | Killed a caustic shrike
 61468 | Depths:4 | Reached skill level 27 in Dodging
 61491 | Depths:4 | Received a gift from Okawaru
 61544 | Depths:4 | Paralysed by a sphinx for 4 turns
 61835 | Depths:4 | Reached skill level 12 in Evocations
 61843 | Depths:4 | Reached skill level 14 in Armour
 61853 | Depths:4 | Reached skill level 25 in Fighting
 62332 | Depths:4 | Got a polished long sword
 62724 | Depths:5 | Entered Level 5 of the Depths
 63243 | Depths:5 | Received a gift from Okawaru
 63246 | Depths:5 | Noticed a juggernaut
 63397 | Depths:4 | Killed a juggernaut
 63593 | Depths:5 | Reached skill level 13 in Evocations
 63643 | Depths:5 | Reached XP level 25. HP: 170/228 MP: 28/32
 64314 | Depths:5 | Found a gate to the Realm of Zot.
 64412 | Depths:5 | Noticed Boris
 64434 | Depths:5 | Killed Boris
 64616 | Depths:5 | Cast into level 2 of the Abyss (hell knight)
 64818 | Abyss:2  | Received a gift from Okawaru
 64819 | Abyss:2  | Got a transparent cloak {god gift}
 64840 | Abyss:2  | Identified the -6 cloak "Caonnutsol" {rElec MR+} (Okawaru gifted it to you on level 2 of the Abyss)
 65132 | Depths:5 | Escaped the Abyss
 65298 | Depths:5 | Reached skill level 14 in Evocations
 65308 | Depths:5 | Reached skill level 15 in Armour
 66104 | Vaults:5 | Entered Level 5 of the Vaults
 66556 | Vaults:5 | Noticed an ancient lich
 66575 | Vaults:5 | HP: 57/230 [titan (22)]
 66582 | Vaults:5 | HP: 35/230 [tengu reaver/bolt of acid (25)]
 66875 | Vaults:5 | Noticed an ancient lich
 66887 | Vaults:5 | Killed an ancient lich
 66887 | Vaults:5 | Reached skill level 26 in Fighting
 67023 | Vaults:5 | Received a gift from Okawaru
 67068 | Vaults:5 | HP: 25/230 [iron giant (glowing shapeshifter) (35)]
 67070 | Vaults:5 | Killed from afar by an ancient lich

Skill      XL: |  1  2  3  4  5  6  7  8  9 10 11 12 13 14 15 16 17 18 19 20 21 22 23 24 25 |
---------------+----------------------------------------------------------------------------+-----
Polearms       | 5 7 8 9 10 12 14 15 17 19 20 | 20.9
Stealth        | 3 4 |  4.0
Fighting       | 3 6 8 10 11 12 13 15 16 17 18 19 20 21 23 24 25 26 | 26.0
Armour         | 1 3 4 7 9 10 11 12 13 14 15 | 15.3
Dodging        | 8 10 12 14 15 16 18 19 20 21 22 23 24 25 26 27 | 27.0
Shields        | 4 |  4.3
Invocations    | 5 8 |  8.1
Translocations | 4 |  4.2
Evocations     | 1 6 9 10 11 13 14 | 14.6
Throwing       | |  2.0

Action                   |  1- 3 |  4- 6 |  7- 9 | 10-12 | 13-15 | 16-18 | 19-21 | 22-24 | 25-27 || total
-------------------------+-------+-------+-------+-------+-------+-------+-------+-------+-------++-------
Melee: Trident           |   111 |   187 |   340 |   803 |    16 |       |       |       |       ||  1457
       Halberd           |       |       |    32 |    40 |       |       |       |       |       ||    72
       Glaive            |       |       |       |    79 |  1455 |   238 |       |       |       ||  1772
       Tailslap          |       |       |       |       |     2 |    49 |       |    13 |       ||    64
       Demon trident     |       |       |       |       |       |  1675 |  2110 |  2363 |   807 ||  6955
 Fire: Hunting sling     |    13 |    83 |    83 |    21 |       |       |       |       |       ||   200
       Fustibalus        |       |       |       |    16 |    93 |     2 |       |       |       ||   111
Throw: Stone             |     4 |    52 |    10 |       |       |       |       |       |       ||    66
       Throwing net      |       |     2 |       |       |       |       |       |       |       ||     2
       Tomahawk          |       |       |       |    11 |       |       |       |       |       ||    11
 Cast: Blink             |       |       |       |       |       |       |     1 |       |     3 ||     4
Invok: Heroism           |       |       |     1 |     4 |     6 |    10 |     5 |     5 |     6 ||    37
       Finesse           |       |       |       |       |       |     2 |       |       |     3 ||     5
Evoke: Lightning rod     |       |       |       |       |       |     1 |       |     2 |       ||     3
       Wand              |       |       |       |       |       |       |       |     1 |       ||     1
  Use: Scroll            |       |     7 |     1 |    13 |    13 |     9 |     7 |    13 |     2 ||    65
       Potion            |       |       |       |       |     2 |    10 |       |     7 |     3 ||    22
 Stab: Held in net/web   |       |     1 |       |       |       |       |       |       |       ||     1
       Sleeping          |       |     1 |     8 |     7 |    26 |     8 |     4 |     5 |     2 ||    61
       Distracted        |       |       |     1 |     4 |     2 |     7 |    10 |     2 |     2 ||    28
  Eat: Chunk             |       |     9 |    13 |     8 |    24 |     2 |    16 |    16 |       ||    88
       Fruit             |       |       |     2 |       |       |     3 |     8 |       |       ||    13
       Meat ration       |       |       |     1 |     3 |     4 |     5 |     1 |     5 |     1 ||    20
       Bread ration      |       |       |       |     1 |       |       |       |       |       ||     1
       Royal jelly       |       |       |       |       |     1 |     6 |     2 |     1 |       ||    10
Armor: Leather armour    |    23 |     4 |       |       |       |       |       |       |       ||    27
       Ring mail         |       |    16 |    55 |    22 |   122 |       |       |       |       ||   215
       Steam dragon scal |       |       |       |    93 |   148 |    32 |       |       |       ||   273
       Quicksilver drago |       |       |       |       |       |   204 |   166 |   300 |   118 ||   788
Dodge: Dodged            |    56 |    88 |   115 |   559 |  1289 |  1615 |  1219 |  1941 |   627 ||  7509
Block: Buckler           |       |       |       |    83 |       |   586 |   577 |   862 |   294 ||  2402

Vault maps used:
D:1:      kb_arrival_jail
D:2:      nicolae_overflow_crystal_walls, first_bread, lemuel_another_geyser,
          uniq_robin, uniq_terence
D:3:      marbit_many_paths, nicolae_ashenzari_panopticon
D:4:      nicolae_tso_besieged_by_evil
D:5:      gammafunk_temple_overflow_wave, gammafunk_temple_overflow_statue,
          serial_shops, shop, hangedman_minor_gate_pass
D:6:      basic_altar, nicolae_ossuary_entry_catacombs
D:7:      minmay_temple_entry_overgrown, serial_shops, shop
D:8:      erik_lair_dragon, serial_shops, kennysheep_little_box,
          blue_anna_alchemist
D:9:      kennysheep_orc_monster_closet_entryway, minmay_door_square
D:10:     serial_shops, shop_statue
D:11:     lemuel_bear_cage, serial_shops, shop, hangedman_decor_lopped
D:14:     minmay_misc_feat_x
D:15:     grunt_enter_depths_hoard, minivault_22, grunt_decor_resistance,
          okawaru_ov_weapons_minmay
Temple:   regret_index_temple_waves
Lair:1:   kennysheep_abandoned_house, serial_bayou_shore_b
Lair:2:   st_stairs_5
Lair:3:   minmay_snake_entry_spellcaster, serial_bayou_shore_b
Lair:4:   minmay_shoals_entry_hut, grunt_megastairs_1
Lair:5:   pond_and_an_island_with_a_cottage, lemuel_fruit_tree
Lair:6:   gammafunk_lair_ancient_temple, minmay_slime_entry_oklob_enclosed
Shoals:2: serial_shops, nicolae_shop_waterfront, uniq_jorgrun, uniq_louise
Shoals:3: serial_shops, nicolae_shop_statue_plus
Shoals:4: shoals_end_hangedman, shoals_ilsuiw_ice,
          nicolae_shoals_isolated_beach, uniq_polyphemus
Snake:2:  nrook_guardian_serpent_double, uniq_vashnia, uniq_aizul, uniq_donald,
          uniq_agnes
Snake:3:  spider_trap, grunt_ministairs_14, nicolae_snake_salamander_stairs,
          uniq_roxanne
Snake:4:  snake_pit, serial_shops, nicolae_shop_statue_plus, basic_altar,
          nicolae_snake_round_shape_thing, serial_bayou_pond_a,
          grunt_ministairs_12, uniq_bai_suzhen, uniq_mara
Orc:1:    uniq_snorg
Orc:2:    grunt_orc_tribal_feast, uniq_erolcha
Vaults:1: dpeg_vaults_monster_box, vaults_dpeg_hooks, v_misc_28,
          nicolae_vaults_circle_grid_b, hangedman_vaults_pinch,
          vaults_dpeg_ring, nicolae_vaults_display_case,
          nicolae_vaults_mini_display_case, uniq_nikola
Vaults:2: nicolae_vaults_disjoint_gnomons, nicolae_vaults_network_s,
          ontoclasm_vaults_ligature, nicolae_vaults_three_branches, v_misc_32,
          nicolae_vaults_angled_halls, grunt_vaults_swirl,
          nicolae_vaults_hallways_thing, vaults_room_stairs_pillars, v_misc_23,
          ontoclasm_vaults_chip
Vaults:3: vaults_dpeg_diagonal, vaults_room_boxed, st_cross,
          minmay_crypt_entry_necro_gods, hangedman_vaults_slice, v_rooms_4,
          nicolae_vaults_diagonal_hallway_6, nicolae_vaults_rhombus_5,
          ontoclasm_vaults_spin
Vaults:4: v_misc_17, hangedman_vaults_corner_blocks, hangedman_vaults_nails,
          v_misc_25, vaults_dpeg_cross, v_misc_15, hangedman_vaults_hat,
          ontoclasm_vaults_ring_small, nicolae_vaults_network_star,
          hangedman_vaults_trim, grunt_vaults_trifunnel,
          portal_desolation_entry_ruin
Vaults:5: uniq_saint_roka
Depths:1: hell_entry, patterned_corridor, abyss_entry, mu_enter_wizlab_3,
          minmay_multi_spiral, infiniplex_staircase_pool_lava
Depths:2: hangedman_stitches_corridor, enter_ziggurat_c, pf_coc_iceberg,
          fountainhead
Depths:3: cheibrodos_hall_of_evolution, pan_entry, hangedman_geh_valley,
          grunt_ministairs_6, nrook_uturn, minmay_splitting_lines,
          firewood_loft, minmay_staircase_windowed_small
Depths:4: grunt_arcs, minmay_fountain_box,
          nicolae_abyss_entry_one_way_or_another, lightli_too_deep
Depths:5: grunt_zot_entry_gee_three, hell_entry, rand_demon_pan_entry_1,
          moated_statue, uniq_boris
Abyss:2:  minivault_13
Abyss:3:  nicolae_abyss_rune_left_handed
Ossuary:  ossuary_minmay_chase
WizLab:   wizlab_wucad

Table legend:
 A = Turns spent in this place as a percentage of turns spent in the entire game.
 B = Non-inter-level travel turns spent in this place as a percentage of non-inter-level travel turns spent in the entire game.
 C = Inter-level travel turns spent in this place as a percentage of turns spent in this place.
 D = Turns resting spent in this place as a percentage of non-inter-level travel turns spent in this place.
 E = Turns spent auto-exploring this place as a percentage of non-inter-level travel turns spent in this place.
 F = Non-inter-level travel turns spent in this place divided by the number of levels of this place that you've seen.
                   A       B       C       D       E      F
               +-------+-------+-------+-------+-------+----------------------
         Total | 100.0 | 100.0 |   0.4 |   3.2 |   7.3 | 468.7
       Dungeon |  23.7 |  23.6 |   0.7 |   1.8 |   9.8 | 347.0
        Temple |   0.1 |   0.1 |   5.3 |   0.0 |  38.9 |  18.0
          Lair |  10.4 |  10.4 |   0.7 |   3.9 |   6.5 | 380.7
        Shoals |   7.8 |   7.8 |   0.5 |   3.3 |   7.9 | 429.5
     Snake Pit |  12.6 |  12.7 |   0.3 |   7.0 |   6.7 | 697.0
  Orcish Mines |   3.7 |   3.7 |   0.6 |   5.0 |   7.9 | 410.0
        Vaults |  15.4 |  15.5 |   0.2 |   2.8 |   7.5 | 682.0
        Depths |  19.9 |  19.9 |   0.3 |   2.4 |   6.2 | 876.0
         Abyss |   4.3 |   4.3 |   0.0 |   2.1 |   1.4 | 318.0
       Ossuary |   0.6 |   0.6 |   0.0 |   1.5 |  10.5 | 133.0
        Wizlab |   1.4 |   1.4 |   0.0 |   1.9 |   0.3 | 318.0
               +-------+-------+-------+-------+-------+----------------------

Table legend:
 A = Kills in this place as a percentage of kills in entire the game.
 B = Kills by you in this place as a percentage of kills by you in the entire game.
 C = Kills by friends in this place as a percentage of kills by friends in the entire game.
 D = Other kills in this place as a percentage of other kills in the entire game.
 E = Experience gained in this place as a percentage of experience gained in the entire game.
 F = Experience gained in this place divided by the number of levels of this place that you have seen.
                   A       B       C       D       E      F
               +-------+-------+-------+-------+-------+----------------------
         Total | 100.0 | 100.0 |  -nan | 100.0 | 100.0 | 23346.2
       Dungeon |  23.7 |  23.7 |  -nan |  20.0 |   6.2 | 4509.0
          Lair |  10.2 |  10.2 |  -nan |   0.0 |   4.7 | 8592.5
        Shoals |   6.9 |   6.9 |  -nan |  20.0 |   7.3 | 19927.8
     Snake Pit |  12.4 |  12.4 |  -nan |  20.0 |  13.6 | 37386.8
  Orcish Mines |   4.2 |   4.2 |  -nan |   0.0 |   1.4 | 7703.5
        Vaults |  18.7 |  18.7 |  -nan |  20.0 |  24.6 | 54013.2
        Depths |  21.1 |  21.2 |  -nan |   0.0 |  40.2 | 88231.2
         Abyss |   1.8 |   1.7 |  -nan |  20.0 |   2.0 | 7370.0
       Ossuary |   1.0 |   1.0 |  -nan |   0.0 |   0.0 |  85.0
               +-------+-------+-------+-------+-------+----------------------
